AoeStats
← Oswald

Arabia

508971794Analyzed
1v1 RM · 7d ago on Sep 24, 2026· 36m 43s· 2 players
Game mode
Random Map
Map size
Tiny (2 player)
Population
200
Speed
Normal
Resources
Standard
Victory
Conquest
Starting age
Dark Age
Ending age
Imperial Age
RankedLock teamsTeams togetherTeam positionsShared explorationLock speedFull tech treeHidden civsTurbo modeCheats
Victory
Defeat
🇲🇽 Malay · Mexico
1142
+20
🇦🇷 Lithuanians · Argentina
1225
-20
Pepe Sapo
6:27 Loom
8:49 Feudal Age
14:37 Double-Bit Axe
22:21 Castle Age
20:56 Fletching
21:31 Gold Mining
21:23 Horse Collar
22:17 Padded Archer Armor
22:23 Crossbowman
23:01 Bodkin Arrow
23:11 Pikeman
27:18 Scale Mail Armor
29:05 Wheelbarrow
28:18 Town Watch
28:47 Forging
28:43 Squires
30:29 Stone Mining
35:41 Imperial Age
32:59 Town Watch
34:31 Chain Mail Armor
Oswald
7:25 Loom
10:12 Feudal Age
14:03 Double-Bit Axe
14:37 Horse Collar
21:09 Castle Age
21:55 Husbandry
25:07 Scale Barding Armor
29:16 Forging
31:23 Iron Casting
33:38 Imperial Age
31:21 Man-at-Arms
32:01 Squires
31:47 Arson
33:05 Iron Casting
32:31 Long Swordsman
33:17 Two-Handed Swordsman
36:03 Blast Furnace
36:00 Wheelbarrow
Connection lost

Rejoining the realm…

Still unreachable

The connection could not be restored.

Session expired

The server has moved on; the page needs a fresh start.